 Dungeon Crawl Stone Soup version 0.31.0-9-g3a7656b989 (webtiles) character file.

Game seed: 13093591105540689354

11 Killerpretzel the Conjurer (level 2, -1/13 HPs)
             Began as a Felid Conjurer on Jan 30, 2024.
             Slain by a frilled lizard (3 damage)
             ... on level 1 of the Dungeon.
             The game lasted 00:01:05 (148 turns).

Killerpretzel the Conjurer (Felid Conjurer)          Turns: 148, Time: 00:01:07

Health: -1/13      AC:  1    Str:  3    XL:     2   Next: 13%
Magic:  2/6        EV: 17    Int: 21    God:
Gold:   21         SH:  0    Dex: 14    Spells: 4/5 levels left
                                        Lives:  0   Deaths: 1

rFire   . . .        (weapon unavailable)
rCold   . . .        (shield unavailable)
rNeg    . . .        (body armour unavailable)
rPois   .            (helmet unavailable)
rElec   .            (cloak unavailable)
rCorr   .            (gloves unavailable)
SInv    +            (boots unavailable)
Will    .....        (no amulet)
Stlth   ++           (no ring)
HPRegen 0.22/turn    (no ring)
MPRegen 0.10/turn

%: no passive effects
@: no status effects
A: very small, claws 1, fangs 3, see invisible, shaggy fur 1, stealthy paws, no
weapons or thrown items, no armour, multi-lived
a: no special abilities


You were on level 1 of the Dungeon.
You visited 1 branch of the dungeon, and saw 1 of its levels.

You collected 21 gold pieces.

Inventory:

Potions
 a - a potion of magic


   Skills:
 + Level 3.0 Dodging
 + Level 3.1 Stealth
 + Level 2.1 Spellcasting
 + Level 3.7 Conjurations


You had 4 spell levels left.
You knew the following spells:

 Your Spells              Type           Power      Damage    Failure   Level
a - Magic Dart            Conj           72%        1d6       3%          1

Your spell library contained the following spells:

 Spells                   Type           Power      Damage    Failure   Level
 Searing Ray              Conj           36%        2d5       4%          2
 Fulminant Prism          Conj/Alch      5%         3d7       54%         4
 Iskenderun's Mystic Bla  Conj/Tloc      10%        2d4       54%         4


Dungeon Overview and Level Annotations

Branches:
Dungeon (1/15)

Altars:


Innate Abilities, Weirdness & Mutations

You have sharp claws.
You have razor-sharp teeth.
You have supernaturally acute eyesight. (SInv)
You are covered in fur. (AC +1)
Your paws help you pounce on unaware monsters.
You are incapable of wielding weapons or throwing items.
You cannot wear armour.
You gain extra lives every three experience levels.


Message History

The frilled lizard hisses angrily.
You scratch the jackal but do no damage.
Your bite misses the jackal.
The jackal is almost dead.
You hear a bark!
The jackal misses you. x2; The jackal bites you.
* * * LOW HITPOINT WARNING * * *
You barely miss the jackal.
The jackal is almost dead.
The jackal completely misses you. The jackal barely misses you.
The jackal misses you.
You scratch the jackal but do no damage.
You bite the jackal.
You kill the jackal!
The jackal misses you.
You scratch the jackal but do no damage.
The jackal bites you.
* * * LOW HITPOINT WARNING * * *
The jackal misses you.
You scratch the jackal.
The jackal is moderately wounded.
The jackal closely misses you.
The jackal barks!
You scratch the jackal. Your bite misses the jackal.
The jackal is almost dead.
The jackal barely misses you.
The jackal bites you but does no damage.
You barely miss the jackal. You bite the jackal.
You kill the jackal!
You closely miss the jackal. You claw the jackal.
The jackal is severely wounded.
The jackal closely misses you. The frilled lizard misses you.
You scratch the jackal but do no damage.
The jackal is severely wounded.
The jackal bites you.
* * * LOW HITPOINT WARNING * * *
The jackal misses you.
The frilled lizard unfolds its giant frill.
The frilled lizard bites you.
You die...

♣....##..........#
..♣..............#
......♣....)....##
.P.P............##
....P.P..........#
..P.♣............#
.....P♣..........#
..P..............#
..............†l@#
.P.♣...........h##
..P..............#
...........g.r...#
.....##....K.....#
♣♣...K#..........#
...hgg#..........#
#####†g#...g....##
##hr.....


You could see a jackal, a hobgoblin, a goblin, a kobold, a frilled lizard and a
rat.

Vanquished Creatures
  A giant cockroach (D:1)
  5 jackals (D:1)
  A quokka (D:1)
  A ball python (D:1)
  A kobold (D:1)
9 creatures vanquished.

Notes
Turn   | Place    | Note
-------+----------+-------------------------------------------
     0 | D:1      | Killerpretzel the Felid Conjurer began the quest for the
                  | Orb.
     0 | D:1      | Reached XP level 1. HP: 9/9 MP: 4/4
    88 | D:1      | Slain by a jackal
    88 | D:1      | Lost a life (0 lives remaining)
   131 | D:1      | Reached XP level 2. HP: 13/13 MP: 0/6
   148 | D:1      | Slain by a frilled lizard

Illustrated notes

Levels and vault maps discovered:
D:1:      wander_arrival_fairy_ring, layout_rooms, dreamdust_mushroom_princess

Skill      XL: |  1 |
---------------+----+-----
Stealth        | 3 |  3.1
Dodging        | 3 |  3.0
Spellcasting   | |  2.1
Conjurations   | |  3.7

Action                     || total
---------------------------++-------
  Melee: Unarmed           ||    32
         Bite              ||     3
         Punch             ||     1
   Cast: Magic Dart        ||    16
 Armour: Skin              ||    26
  Dodge: Dodged            ||    83
